 Dungeon Crawl Stone Soup version 0.19.5 (webtiles) character file.

604586 theElss the Slayer (level 27, 0/193 HPs)
             Began as a Gargoyle Berserker on Apr 9, 2017.
             Was the Champion of Trog.
             Slain by a storm dragon (9 damage)
             ... on level 2 of the Realm of Zot on Apr 11, 2017.
             The game lasted 04:54:29 (72031 turns).

theElss the Slayer (Gargoyle Berserker)            Turns: 72031, Time: 04:54:32

Health: 0/193      AC: 63    Str: 34 (35) XL:     27
Magic:  0/32       EV: 19    Int: 11      God:    Trog [******]
Gold:   6130       SH: 20    Dex: 20      Spells: 0 memorised, 26 levels left

rFire  + + +     SeeInvis .     m - +8 eveningstar of Autumn {crush, Dex+4}
rCold  + + .     Gourm    +     L - +10 plate armour of the Tarantula {rF+ MR+}
rNeg   + + .     Faith    .     y - +0 shield {reflect}
rPois  ∞         Spirit   .     q - +1 hat of the Greedy {Int+2 Dex+6 Stlth+}
rElec  +         Reflect  +     E - +2 cloak {rC+}
rCorr  .         Harm     .     p - +0 pair of gloves "Zuus Mol" {rC+ MR+} (curse)
MR     +++++     Rnd*Rage +     M - +5 pair of boots "Iffaf" {rF+ Str+5}
Stlth  ..........               V - amulet of the gourmand
                                C - ring of Coiledag {rF+ rN+ Int-2 Slay+5}
                                F - ring of protection from magic

@: exhausted, about to teleport, flying, slowed, constricted, very slow
A: big wings, berserk 1, blurry vision 1, deterioration 1, negative energy
resistance 1, electricity resistance, unbreathing, petrification resistance, rot
immunity, AC +20
a: Stop Flying, Berserk, Trog's Hand, Brothers in Arms, Burn Spellbooks,
Renounce Religion
}: 3/15 runes: barnacled, silver, gossamer


You were on level 2 of the Realm of Zot.
You worshipped Trog.
Trog was exalted by your worship.
You were very full.

You visited 11 branches of the dungeon, and saw 50 of its levels.
You also visited: Labyrinth, Ossuary and Ice Cave.

You collected 8110 gold pieces.
You spent 1980 gold pieces at shops.

Inventory:

Hand Weapons
 m - the +8 eveningstar of Autumn (weapon) {crush, Dex+4}
   (Trog gifted it to you on level 1 of the Vaults)

   It inflicts extra damage upon your enemies.
   It affects your dexterity (+4).
Armour
 e - the +9 plate armour of Infinity {rElec rPois}
   (You found it on level 5 of the Vaults)

   It insulates you from electricity.
   It protects you from poison.
 p - the cursed +0 pair of gloves "Zuus Mol" (worn) {rC+ MR+}
   (You found it on level 3 of the Elven Halls)

   It protects you from cold.
   It affects your resistance to hostile enchantments.
   It has a curse placed upon it.
 q - the +1 hat of the Greedy (worn) {Int+2 Dex+6 Stlth+}
   (You found it in an ice cave)

   It affects your intelligence (+2).
   It affects your dexterity (+6).
   It makes you more stealthy.
 y - a +0 shield of reflection (worn)
 E - a +2 cloak of cold resistance (worn)
 H - a +2 pair of gloves of archery
 L - the +10 plate armour of the Tarantula (worn) {rF+ MR+}
   (You bought it in a shop on level 2 of the Orcish Mines)

   It protects you from fire.
   It affects your resistance to hostile enchantments.
 M - the +5 pair of boots "Iffaf" (worn) {rF+ Str+5}
   (You found it on level 6 of the Lair of Beasts)

   It affects your strength (+5).
   It protects you from fire.
 P - the +4 scale mail of the Imp {rElec rPois rC+ MR+}
   (You found it on level 5 of the Vaults)

   It protects you from cold.
   It insulates you from electricity.
   It protects you from poison.
   It affects your resistance to hostile enchantments.
Jewellery
 n - the ring of Xom's Malicious Joy {rCorr rElec Str+4 Dex+4}
   (You took it off a deep elf annihilator on level 3 of the Elven Halls)

   [ring of resist corrosion]

   It affects your strength (+4).
   It affects your dexterity (+4).
   It insulates you from electricity.
 C - the ring of Coiledag (right hand) {rF+ rN+ Int-2 Slay+5}
   (You found it on level 3 of the Crypt)

   [ring of positive energy]

   It affects your intelligence (-2).
   It affects your accuracy and damage with ranged weapons and melee attacks
   (+5).
   It protects you from fire.
   It protects you from negative energy.
 F - a ring of protection from magic (left hand)
 N - a +3 ring of protection
 V - an amulet of the gourmand (around neck)
 X - an uncursed ring of see invisible
Wands
 b - a wand of digging (8/24)
 c - a wand of slowing (9/48)
 r - a wand of polymorph (15/24)
 z - a wand of flame (31/48)
 G - a wand of paralysis (10/24)
 W - a wand of heal wounds (3/9)
 Y - a wand of confusion (14/48)
 Z - a wand of teleportation (4/9)
Scrolls
 a - 17 scrolls of teleportation
 f - 7 scrolls of identify
 l - 5 scrolls of remove curse
 t - 7 scrolls of fear
 A - a scroll of enchant weapon
 D - 4 scrolls of blinking
 Q - 2 scrolls of holy word
 T - 12 scrolls of fog
 U - 2 scrolls of summoning
Potions
 w - 3 potions of heal wounds
 x - 5 potions of haste
 B - 26 potions of curing
 J - 4 potions of resistance
Miscellaneous
 d - a phial of floods
 g - a fan of gales
 h - 3 phantom mirrors
 i - a lamp of fire
 j - a lamp of fire
 k - a fan of gales
 u - a phial of floods
 S - a fan of gales
Comestibles
 o - 3 slices of pizza
 s - 2 meat rations
 v - 5 bread rations
 I - 2 beef jerkies


   Skills:
 - Level 25.0 Fighting
 - Level 16.0 Maces & Flails
 - Level 20.1 Armour
 + Level 17.2 Dodging
 - Level 25.0 Shields
 + Level 12.0 Evocations


You had 26 spell levels left.
You didn't know any spells.

Dungeon Overview and Level Annotations

Branches:
Dungeon (15/15)            Temple (1/1) D:4            Lair (6/6) D:8
 Shoals (4/4) Lair:3       Spider (4/4) Lair:4        Slime (0/5) Lair:6
    Orc (2/2) D:12            Elf (3/3) Orc:2        Vaults (5/5) D:13
  Crypt (3/3) Vaults:3       Tomb (0/3) Crypt:3      Depths (5/5) D:15
    Zot (2/5) Depths:5

Altars:
Dithmenos
Elyvilon
Fedhas
Gozag
Kikubaaqudgha
Makhleb
Qazlal
Xom
Yredelemnul
The Shining One
Beogh
Jiyva
Lugonu

Shops:
D:9 }(   D:14 [   D:15 [%!:   Orc:2 [*=(   Shoals:2 :   Shoals:4 [*!*
Vaults:1 =   Vaults:2 =   Vaults:4 **(!   Vaults:5 %?!   Depths:4 [
Depths:5 }[

Portals:
Hell: Depths:1 Depths:2 Depths:3 Depths:4 Depths:5
Abyss: Depths:1 Depths:4 Depths:5
Pandemonium: Depths:3
Ziggurat: Depths:1


Innate Abilities, Weirdness & Mutations

You are resistant to torment.
Your stone body is resilient. (AC +20)
You are immune to poison.
Your large and strong wings let you fly indefinitely.
You resist negative energy. (rN+)
You are resistant to electric shocks. (rElec)
You can survive without breathing.
You are immune to petrification.
You are immune to rotting.
You tend to lose your temper in combat.
Scrolls take you a little longer to read.
Your body sometimes deteriorates upon taking damage.


Message History

Something stings you but does no damage.
The green draconian rages.
The black draconian annihilator mumbles some strange words.
The black draconian annihilator blinks!
The tentacled monstrosity tentacle-slaps you.
* * * LOW HITPOINT WARNING * * *
The tentacled monstrosity barely misses you.
The tentacled monstrosity tentacle-slaps you but does no damage.
* * * LOW HITPOINT WARNING * * *
The tentacled monstrosity constricts you!
The yellow draconian scorcher misses you.
The moth of wrath goads the shadow dragon on!
The shadow dragon goes berserk!
You feel you are being watched by something.
Something hits you.
* * * LOW HITPOINT WARNING * * *
Something barely misses you. x2; The death cob barely misses you.
The death cob misses you. The storm dragon barely misses you.
The storm dragon claws you!
You die...

.q. #............ .....
#............ ......
#...........
......#########...........
..........................
..........................
............yd............
.........q.DDXzy..........
...........dz@qd..........
..........dd{X{D..........
..........dydqDyy.........
...........ddDDy..........
..%....................
$..........[...........
..............q........
........y..............
......................


You could see 3 shadow dragons, 2 tentacled monstrosities, a black draconian
knight, 2 storm dragons, a black draconian (berserk), 2 draconians, 2
draconians, a purple draconian (berserk), a red draconian, 2 draconians, a
purple draconian shifter, 2 death cobs, a quicksilver dragon (berserk), a black
draconian annihilator, a yellow draconian scorcher and 7 moths of wrath.

Vanquished Creatures
  Mara (Depths:3)
  4 juggernauts (Depths:5)
  4 ancient liches
  Frederick (Vaults:2)
  3 golden dragons
  Jory (Depths:5)
  A bone dragon (Depths:5)
  Arachne (Spider:3)
  Rupert (Lair:4)
  5 liches
  Jorgrun (Depths:2)
  12 tentacled monstrosities
  5 titans
  3 deep elf blademasters
  A quicksilver dragon (Zot:1)
  2 deep elf master archers (Elf:3)
  7 sphinxes
  9 tengu reavers
  8 storm dragons
  A death cob (Zot:2)
  5 ancient champions
  Agnes (Elf:1)
  Donald (Elf:1)
  3 draconian monks
  3 revenants
  10 shadow dragons
  Ilsuiw (Shoals:4)
  8 frost giants
  An orc warlord (Orc:2)
  A draconian knight (Zot:1)
  6 emperor scorpions
  8 deep elf sorcerers
  6 iron dragons
  4 ghost moths (Spider:4)
  13 fire giants
  22 vault wardens
  A draconian scorcher (Zot:2)
  2 draconian zealots (Zot:2)
  2 draconian shifters (Zot:1)
  2 curse skulls
  2 deep elf elementalists (Elf:3)
  3 ghouls
  2 draconian annihilators (Zot:1)
  14 ironheart preservers
  6 war gargoyles
  16 stone giants
  45 very ugly things
  A spriggan defender (Depths:3)
  A draconian caller (Zot:2)
  8 vampire knights
  3 green draconians
  8 deep elf annihilators
  6 entropy weavers
  A black draconian (Zot:1)
  7 deep elf demonologists
  The ghost of MTVSty1e the Fighter, a journeyman GrFi of the Shining One (Shoals:2)
  2 yellow draconians
  3 purple draconians
  4 red draconians
  Azrael (Orc:1)
  5 white draconians
  7 mottled draconians
  6 eidola
  Snorg (D:13)
  4 spark wasps
  A crystal guardian (Vaults:5)
  14 ettins
  10 merfolk javelineers (Shoals:4)
  A mummy priest (Crypt:3)
  15 deep elf death magi
  A minotaur (Lab)
  9 merfolk impalers
  8 fire dragons
  Josephine (Shoals:1)
  5 deep elf high priests
  7 great orbs of eyes
  8 jiangshi
  35 vault guards
  21 yaktaur captains
  5 rakshasas
  9 ice dragons
  A quicksilver dragon skeleton (Crypt:1)
  A hell beast (Depths:2)
  4 spriggan air magi
  14 centaur warriors
  5 death knights
  6 hydras
  A ghost crab (shapeshifter) (Depths:5)
  An anaconda (shapeshifter) (Depths:5)
  12 ogre magi
  3 merfolk aquamancers (Shoals:4)
  2 alligator snapping turtles (Shoals:3)
  A satyr (Shoals:2)
  22 dancing weapons
  10 death yaks (Lair:5)
  4 merfolk avatars
  11 deep troll earth magi
  4 tengu warriors
  7 deep troll shamans
  10 vampire magi
  25 deep elf knights
  2 orc high priests (Orc:2)
  2 spriggan berserkers
  8 hell knights
  3 soul eaters
  2 small abominations (Elf:3)
  Nergalle (Lair:1)
  A death drake (shapeshifter) (Vaults:1)
  5 glowing orange brains
  A fire crab (shapeshifter) (Vaults:1)
  22 skeletal warriors
  3 shadow wraiths
  14 sea snakes
  13 flayed ghosts
  4 unseen horrors
  A lindwurm (Lair:6)
  An orange crystal statue (Crypt:2)
  A kraken simulacrum (Shoals:4)
  A hill giant (shapeshifter) (Depths:2)
  13 orc knights
  A swamp dragon (Vaults:1)
  A swamp dragon (shapeshifter) (Vaults:4)
  A harpy (shapeshifter) (Depths:3)
  12 hill giants
  15 ironbrand convokers
  A shadow dragon zombie (Vaults:5)
  11 harpies
  15 deep elf archers
  10 necromancers
  22 deep trolls
  25 phantasmal warriors
  6 wizards
  77 deep elf magi
  A golden dragon skeleton (Crypt:1)
  3 orc sorcerers (Orc:2)
  A mana viper (shapeshifter) (Depths:3)
  23 orb spiders
  A salamander (shapeshifter) (Depths:3)
  11 cyclopes
  A fire giant zombie (Crypt:1)
  46 ugly things
  47 wolf spiders
  A faun (shapeshifter) (Vaults:5)
  A shadow dragon skeleton (Vaults:5)
  14 manticores
  7 moths of wrath
  A moth of wrath (shapeshifter) (Depths:5)
  A spriggan zombie (D:15)
  An elephant (D:8)
  11 fauns
  2 guardian serpents (shapeshifter)
  A water nymph (shapeshifter) (Vaults:4)
  3 fire giant skeletons
  17 sirens
  4 smoke demons (Crypt:3)
  A stone giant skeleton (Crypt:3)
  4 water nymphs
  A storm dragon simulacrum (Crypt:2)
  9 black mambas
  3 molten gargoyles (Lair:6)
  16 vault sentinels
  2 centaur zombies (D:15)
  9 gargoyles
  3 spiny frogs (shapeshifter)
  A dire elephant skeleton (Crypt:1)
  6 spiny frogs
  2 ice statues (IceCv)
  A black draconian zombie (Crypt:2)
  3 kobold demonologists
  A shock serpent skeleton (Crypt:1)
  3 rime drakes (Lair:4)
  A green draconian zombie (Crypt:1)
  8 komodo dragons
  13 freezing wraiths
  A rime drake (shapeshifter) (Depths:1)
  A yellow draconian zombie (Crypt:1)
  21 demonic crawlers
  A catoblepas skeleton (Crypt:1)
  79 yaktaurs
  10 ice devils (IceCv)
  6 red devils (Crypt:3)
  An iron troll skeleton (Crypt:1)
  25 merfolk
  4 guardian mummies
  A harpy zombie (D:15)
  3 tengu conjurers
  A two-headed ogre (shapeshifter) (Vaults:2)
  27 jumping spiders
  8 trolls
  A tyrant leech (shapeshifter) (Depths:2)
  3 meliai
  5 wind drakes
  A hornet (shapeshifter) (Vaults:1)
  Grinder (D:6)
  8 hornets
  19 two-headed ogres
  A hydra skeleton (Crypt:2)
  A blink frog (shapeshifter) (Vaults:1)
  8 blink frogs
  A hippogriff (shapeshifter) (D:12)
  A snapping turtle (shapeshifter) (Depths:3)
  39 slime creatures
  3 dream sheep (Shoals:3)
  A raiju (shapeshifter) (Vaults:4)
  8 snapping turtles
  17 hippogriffs
  A frost giant simulacrum (Vaults:1)
  A flying skull (Vaults:3)
  An ice dragon skeleton (Crypt:3)
  A guardian serpent skeleton (Crypt:1)
  A black mamba zombie (Crypt:2)
  9 air elementals
  A spriggan (shapeshifter) (Vaults:3)
  Sigmund (D:5)
  47 redbacks
  3 spriggans
  7 wyverns
  19 wraiths
  A yak (shapeshifter) (Depths:2)
  A spriggan simulacrum (Depths:2)
  3 large abominations (Elf:1)
  6 water elementals
  A human (shapeshifter) (Vaults:5)
  38 yaks
  7 shadows
  36 tarantellas
  3 fire bats (Orc:2)
  A basilisk (shapeshifter) (Vaults:1)
  6 hungry ghosts
  2 ushabtiu (Crypt:3)
  A black mamba skeleton (Crypt:2)
  5 fire elementals
  4 basilisks
  2 vampire mosquitoes
  A steam dragon (Lair:6)
  2 mottled dragons (Lair:6)
  Menkaure (D:5)
  A mottled dragon (shapeshifter) (Vaults:1)
  Edmund (D:5)
  A harpy simulacrum (Crypt:1)
  A soldier ant (shapeshifter) (Vaults:4)
  3 soldier ants
  3 wargs
  A swamp worm (shapeshifter) (Vaults:1)
  A deep troll zombie (Vaults:4)
  A naga (shapeshifter) (Vaults:2)
  A water nymph skeleton (Crypt:1)
  A floating eye (Vaults:1)
  A floating eye (shapeshifter) (Depths:1)
  7 water moccasins
  12 hell hounds
  2 eyes of draining
  7 porcupines
  3 sky beasts
  A sky beast (shapeshifter) (Vaults:5)
  5 necrophages
  35 orc warriors
  3 phantoms
  An alligator simulacrum (Crypt:1)
  A black bear (D:8)
  6 ice beasts
  10 wolves
  22 centaurs
  41 ogres
  The ghost of WarriorsX the Shield-Bearer, an amateur HuFi (D:3)
  10 boggarts
  A rime drake zombie (Crypt:2)
  7 crocodiles
  A snapping turtle skeleton (Crypt:3)
  4 big kobolds
  6 elf zombies
  18 bullfrogs
  A yaktaur skeleton (Crypt:2)
  An ogre simulacrum (Vaults:1)
  3 earth elementals
  A wyvern skeleton (D:8)
  3 scorpions
  A warg skeleton (Crypt:1)
  A warg zombie (Crypt:2)
  14 killer bees
  2 tengu zombies (D:15)
  A troll skeleton (Crypt:2)
  10 howler monkeys
  22 wights
  An electric eel (Lair:2)
  5 lava snakes (Lair:6)
  4 crimson imps
  2 bullfrog skeletons
  A human simulacrum (Vaults:2)
  2 jellies
  3 human zombies (Crypt:1)
  22 orc priests
  7 hounds
  21 orc wizards
  12 iguanas
  Jessica (D:2)
  2 centaur skeletons
  13 worker ants
  4 human skeletons
  Natasha (thrice) (D:4)
  A big kobold zombie (Ossuary)
  2 hound zombies
  A naga skeleton (Crypt:2)
  A hound skeleton (D:8)
  17 mummies
  Robin (D:2)
  10 gnolls
  2 howler monkey skeletons
  12 adders
  2 shadow imps
  9 white imps (IceCv)
  5 ufetubi (IceCv)
  2 oozes
  An adder zombie (D:8)
  An adder skeleton (D:9)
  6 worms
  A dart slug (D:3)
  7 leopard geckos
  81 orcs
  2 giant cockroaches
  14 goblins
  10 hobgoblins
  8 jackals
  26 kobolds
  3 quokkas
  4 ball pythons
  7 bats
  3 frilled lizards
  4 goblin zombies
  5 hobgoblin zombies (Ossuary)
  2 orc zombies (Crypt:1)
  A quokka skeleton (D:3)
  10 rats
  A rat zombie (D:4)
  3 crawling corpses (Elf:3)
  A tentacle (Shoals:4)
2371 creatures vanquished.

Vanquished Creatures (collateral kills)
  2 liches (Depths:4)
  A sphinx (Depths:4)
  Sonja (Lair:3)
  A rime drake (Lair:3)
5 creatures vanquished.

Vanquished Creatures (others)
  A fire giant (Vaults:5)
  A draconian scorcher (Zot:1)
  A reaper (IceCv)
  A yaktaur captain (Vaults:5)
  A fire dragon (Depths:5)
  A shadow wraith (Vaults:2)
  A deep elf archer (Elf:3)
  3 wolf spiders
  2 yaktaurs (Vaults:5)
  A hornet (Spider:4)
  An air elemental (Depths:5)
  A redback (Spider:3)
  A centaur (D:10)
  An elf simulacrum (Vaults:1)
  4 ufetubi (IceCv)
  4 orcs
  A goblin (D:2)
  13 fungi
  23 plants
  9 tentacles (Shoals:4)
  15 withered plants (Crypt:3)
86 creatures vanquished.

Grand Total: 2462 creatures vanquished

Notes
Turn   | Place    | Note
-------+----------+-------------------------------------------
     0 | D:1      | theElss the Gargoyle Berserker began the quest for the Orb.
     0 | D:1      | Reached XP level 1. HP: 14/14 MP: 1/1
   274 | D:1      | Reached XP level 2. HP: 11/19 MP: 2/2
  1203 | D:2      | Reached XP level 3. HP: 24/24 MP: 3/3
  1330 | D:2      | Reached ** piety under Trog
  1343 | D:2      | Noticed Robin
  1382 | D:2      | Killed Robin
  1388 | D:2      | Reached XP level 4. HP: 29/29 MP: 4/4
  1532 | D:2      | Found a blossoming altar of Fedhas.
  1540 | D:2      | Found a stormy altar of Qazlal.
  1622 | D:2      | Noticed Jessica
  1629 | D:2      | Killed Jessica
  1740 | D:2      | Found a burning altar of Makhleb.
  1834 | D:2      | Reached skill level 1 in Shields
  1834 | D:2      | Reached XP level 5. HP: 31/33 MP: 5/5
  2211 | D:3      | Noticed WarriorsX's ghost (amateur HuFi)
  2268 | D:3      | Killed WarriorsX's ghost
  2268 | D:3      | Reached skill level 5 in Maces & Flails
  2268 | D:3      | Reached XP level 6. HP: 39/39 MP: 6/6
  2441 | D:3      | Reached *** piety under Trog
  2801 | D:4      | Received a gift from Trog
  2874 | D:4      | Noticed Natasha
  2885 | D:4      | Killed Natasha
  2895 | D:4      | Found a sand-covered staircase.
  2914 | Ossuary  | Entered an ossuary
  2914 | Ossuary  | Noticed a wraith
  2914 | Ossuary  | Noticed a wraith
  2914 | Ossuary  | Noticed a wraith
  3625 | Ossuary  | Noticed a wraith
  3633 | Ossuary  | Killed a wraith
  3633 | Ossuary  | Reached XP level 7. HP: 44/44 MP: 7/7
  4007 | D:4      | Found a staircase to the Ecumenical Temple.
  4185 | D:4      | Noticed Natasha
  4194 | D:4      | Killed Natasha
  4215 | D:4      | Noticed Natasha
  4226 | D:4      | Killed Natasha
  4226 | D:4      | Reached skill level 5 in Fighting
  4318 | D:4      | Found an ancient bone altar of Kikubaaqudgha.
  4444 | D:4      | Reached skill level 5 in Shields
  4674 | D:4      | Reached XP level 8. HP: 43/49 MP: 8/8
  4850 | D:5      | Entered Level 5 of the Dungeon
  5160 | D:5      | Found a basalt altar of Yredelemnul.
  5160 | D:5      | Noticed Edmund
  5187 | D:5      | Killed Edmund
  5288 | D:5      | Found a white marble altar of Elyvilon.
  5449 | D:5      | Found an opulent altar of Gozag.
  5597 | D:5      | Noticed Menkaure
  5601 | D:5      | Noticed Sigmund
  5603 | D:5      | Killed Menkaure
  5603 | D:5      | Reached **** piety under Trog
  5606 | D:5      | Killed Sigmund
  5606 | D:5      | Reached XP level 9. HP: 55/55 MP: 9/9
  6016 | D:6      | Noticed Grinder
  6022 | D:6      | Killed Grinder
  6154 | D:6      | Found a shadowy altar of Dithmenos.
  6391 | D:6      | Found a blossoming altar of Fedhas.
  6836 | D:7      | Noticed a deep elf mage
  6849 | D:7      | Killed a deep elf mage
  6849 | D:7      | Reached XP level 10. HP: 61/61 MP: 10/10
  6925 | D:7      | Reached skill level 10 in Maces & Flails
  7238 | D:8      | Noticed an elephant
  7267 | D:8      | Killed an elephant
  7448 | D:8      | Reached skill level 10 in Shields
  7560 | D:8      | Found a staircase to the Lair.
  7693 | D:9      | Found Vafeamos's Antique Weapon Emporium.
  7693 | D:9      | Found a glowing golden altar of the Shining One.
  7738 | D:9      | Noticed a centaur warrior
  7766 | D:9      | Killed a centaur warrior
  7868 | D:9      | Found Tyaf's Gadget Shoppe.
  7889 | D:9      | Bought a wand of teleportation (4/9) for 336 gold pieces
  8128 | D:9      | Reached XP level 11. HP: 68/68 MP: 11/11
  8505 | D:10     | Entered Level 10 of the Dungeon
  8698 | D:10     | Reached ***** piety under Trog
  8892 | D:10     | Noticed a manticore
  8912 | D:10     | Killed a manticore
  9246 | D:10     | Noticed a hill giant
  9260 | D:10     | Killed a hill giant
  9898 | D:11     | Found a labyrinth entrance.
  9933 | Lab      | Entered a labyrinth
 10704 | Lab      | Noticed a minotaur
 10713 | Lab      | Killed a minotaur
 11295 | D:11     | Noticed a six-headed hydra
 12075 | Temple   | Entered the Ecumenical Temple
 12222 | Lair:1   | Entered Level 1 of the Lair of Beasts
 12292 | Lair:1   | Noticed a six-headed hydra
 12299 | Lair:1   | Killed a six-headed hydra
 12299 | Lair:1   | Reached XP level 12. HP: 75/75 MP: 9/12
 12447 | Lair:1   | Noticed Nergalle
 12457 | Lair:1   | Killed Nergalle
 13065 | Lair:2   | Reached ****** piety under Trog
 13583 | Lair:2   | Received a gift from Trog
 13974 | Lair:3   | Noticed Sonja
 14292 | Lair:3   | Found a staircase to the Shoals.
 14531 | Lair:3   | Killed Sonja
 14846 | Lair:4   | Found a frozen archway.
 15065 | Lair:4   | Reached skill level 15 in Shields
 15115 | IceCv    | Entered an ice cave
 15237 | IceCv    | Killed a reaper
 15285 | IceCv    | Reached skill level 1 in Evocations
 15382 | IceCv    | Reached XP level 13. HP: 80/80 MP: 10/14
 15404 | IceCv    | Got a steaming hat
 15427 | IceCv    | Identified the +1 hat of the Greedy {Int+2 Dex+6 Stlth+} (You found it in an ice cave)
 16220 | Lair:4   | Reached skill level 10 in Fighting
 16357 | Lair:4   | Noticed Rupert
 16380 | Lair:4   | Killed Rupert
 16380 | Lair:4   | Received a gift from Trog
 16542 | Lair:4   | Found a hole to the Spider Nest.
 17723 | Lair:5   | Reached skill level 5 in Evocations
 18159 | Lair:5   | Gained mutation: Your large and strong wings let you fly indefinitely. [Gargoyle growth]
 18159 | Lair:5   | Reached XP level 14. HP: 57/92 MP: 7/18
 18705 | Lair:6   | Entered Level 6 of the Lair of Beasts
 18872 | Lair:6   | Received a gift from Trog
 19178 | Lair:6   | Found a viscous altar of Jiyva.
 19179 | Lair:6   | Found a staircase to the Slime Pits.
 19870 | Lair:6   | Found a large runed door.
 19870 | Lair:6   | Found a large runed door.
 20036 | Lair:6   | Reached skill level 15 in Maces & Flails
 20515 | Lair:6   | Got a pair of ichor-stained boots
 20526 | Lair:6   | Identified the +5 pair of boots "Iffaf" {rF+ Str+5} (You found it on level 6 of the Lair of Beasts)
 21310 | D:12     | Received a gift from Trog
 21397 | D:12     | Identified a scroll of acquirement
 21904 | D:12     | Found a staircase to the Orcish Mines.
 22421 | D:13     | Reached XP level 15. HP: 99/99 MP: 19/19
 22473 | D:13     | Found a gate to the Vaults.
 22612 | D:13     | Noticed Snorg
 22627 | D:13     | Killed Snorg
 23209 | D:14     | Received a gift from Trog
 23334 | D:14     | Found Irymas's Antique Armour Boutique.
 23502 | D:15     | Entered Level 15 of the Dungeon
 23575 | D:15     | Found Lahe's Food Emporium.
 23667 | D:15     | Found a staircase to the Depths.
 24067 | D:15     | Found Xaikofaq's Distillery.
 24125 | D:15     | Reached skill level 15 in Fighting
 24255 | D:15     | Found Epsuaruu's Antique Armour Boutique.
 24333 | D:15     | Got a pair of faintly humming boots
 24344 | D:15     | Identified the +1 pair of boots "Sol Jeesuy" {rN+} (You found it on level 15 of the Dungeon)
 24433 | D:15     | Reached skill level 5 in Armour
 24444 | D:15     | Found Visumos's Book Emporium.
 24630 | Depths:1 | Entered Level 1 of the Depths
 24794 | D:15     | Reached skill level 5 in Dodging
 25342 | Orc:1    | Entered Level 1 of the Orcish Mines
 25364 | Orc:1    | Received a gift from Trog
 25649 | Orc:1    | You are sucked into a shaft!
 25649 | Orc:2    | Entered Level 2 of the Orcish Mines
 25733 | Orc:2    | Noticed Azrael
 25873 | Orc:1    | Killed Azrael
 25985 | Orc:1    | Reached XP level 16. HP: 84/110 MP: 20/20
 26110 | Orc:2    | Found a staircase to the Elven Halls.
 26151 | Orc:2    | Found a dark tunnel.
 26364 | Orc:2    | Found a roughly hewn altar of Beogh.
 26480 | Orc:2    | Received a gift from Trog
 26977 | Orc:2    | Found Ugeful's General Store.
 27009 | Orc:2    | Found Kauluit's Antique Armour Shop.
 27025 | Orc:2    | Found Arecs's Jewellery Shop.
 27041 | Orc:2    | Found Xaorullu's Antique Weapon Shop.
 27245 | Orc:2    | Bought an ichor-stained plate armour for 812 gold pieces
 27639 | Orc:2    | Identified the +10 plate armour of the Tarantula {rF+ MR+} (You bought it in a shop on level 2 of the Orcish Mines)
 27891 | D:9      | Bought a wand of heal wounds (4/9) for 672 gold pieces
 28085 | Shoals:1 | Entered Level 1 of the Shoals
 28086 | Shoals:1 | Noticed Josephine
 28098 | Shoals:1 | Killed Josephine
 29180 | Shoals:2 | Noticed MTVSty1e's ghost (journeyman GrFi)
 29254 | Shoals:2 | Killed MTVSty1e's ghost
 29326 | Shoals:2 | Found Tull's Book Emporium.
 30057 | Shoals:3 | Received a gift from Trog
 30745 | Shoals:4 | Entered Level 4 of the Shoals
 30748 | Shoals:4 | Found Quemus's Book Shoppe.
 30993 | Shoals:4 | Reached XP level 17. HP: 118/118 MP: 21/21
 31177 | Shoals:4 | Got a barnacled rune of Zot
 31199 | Shoals:4 | Found Ykhlig's Distillery.
 31320 | Shoals:4 | Noticed Ilsuiw
 31367 | Shoals:4 | Killed Ilsuiw
 31377 | Shoals:4 | Reached skill level 10 in Armour
 31682 | Shoals:4 | Received a gift from Trog
 31686 | Shoals:4 | Got an ichor-stained hand axe {god gift}
 31721 | Shoals:4 | Found Boalotan's Assorted Antiques.
 32221 | Shoals:4 | Found Egod's Assorted Antiques.
 32507 | Shoals:4 | Found Havyoq's Antique Armour Shop.
 32761 | Lair:3   | Identified the +12 hand axe of the Battered Planets {chop, Int+7} (Trog gifted it to you on level 4 of the Shoals)
 32946 | Spider:1 | Entered Level 1 of the Spider Nest
 33082 | Spider:1 | Received a gift from Trog
 34028 | Spider:1 | Reached XP level 18. HP: 127/127 MP: 24/24
 34541 | Spider:2 | Received a gift from Trog
 35201 | Spider:3 | Reached skill level 10 in Evocations
 36361 | Spider:4 | Entered Level 4 of the Spider Nest
 36361 | Spider:4 | Noticed Arachne
 36380 | Spider:3 | Killed Arachne
 37093 | Spider:3 | Received a gift from Trog
 37619 | Spider:4 | Got a brightly glowing broad axe
 37620 | Spider:4 | Identified the cursed +2 broad axe of the Eel {chop, +Inv rPois Int+7} (You found it on level 4 of the Spider Nest)
 38132 | Spider:4 | Reached XP level 19. HP: 126/133 MP: 4/28
 38335 | Spider:4 | Received a gift from Trog
 38354 | Spider:4 | Got a faintly glowing mace {god gift}
 38355 | Spider:4 | Identified the +8 mace "Lifum" {antimagic, *Contam rElec rF+ Dex+7} (Trog gifted it to you on level 4 of the Spider Nest)
 38405 | Spider:4 | Gained mutation: Scrolls take you a little longer to read. [mutagenic glow]
 38508 | Spider:4 | Got a gossamer rune of Zot
 39979 | Depths:1 | Found a gateway to Hell.
 40016 | Depths:1 | Found a gateway to a ziggurat.
 40056 | Depths:1 | Found a one-way gate to the infinite horrors of the Abyss.
 40279 | Depths:1 | Found a runed door.
 40294 | Depths:1 | Found a runed door.
 40315 | Depths:1 | Found a runed warning-scrawled door.
 41099 | Vaults:1 | Entered Level 1 of the Vaults
 41583 | Vaults:1 | Received a gift from Trog
 41606 | Vaults:1 | Got a smoking eveningstar {god gift}
 41607 | Vaults:1 | Identified the +8 eveningstar of Autumn {crush, Dex+4} (Trog gifted it to you on level 1 of the Vaults)
 41659 | Vaults:1 | Found Emegeggo's Jewellery Shop.
 42158 | Vaults:1 | Got an ebony dire flail
 42532 | Vaults:1 | Reached XP level 20. HP: 144/144 MP: 29/29
 42942 | Vaults:1 | Received a gift from Trog
 42945 | Vaults:1 | Got an encrusted flail {god gift}
 43669 | Vaults:1 | Paralysed by a floating eye for 3 turns
 43890 | Vaults:1 | Received a gift from Trog
 44893 | Vaults:2 | Noticed Frederick
 44906 | Vaults:2 | Killed Frederick
 44959 | Vaults:1 | Reached XP level 21. HP: 152/152 MP: 30/30
 44997 | Vaults:1 | Received a gift from Trog
 45686 | Vaults:2 | Found Doodeo's Jewellery Boutique.
 46251 | Vaults:3 | Received a gift from Trog
 46604 | Vaults:3 | Reached skill level 15 in Armour
 47146 | Vaults:3 | Found a staircase to the Crypt.
 47151 | Crypt:1  | Entered Level 1 of the Crypt
 47772 | Crypt:1  | Received a gift from Trog
 48180 | Crypt:1  | Found an ancient bone altar of Kikubaaqudgha.
 48318 | Crypt:1  | Reached XP level 22. HP: 160/160 MP: 31/31
 48917 | Crypt:2  | Received a gift from Trog
 49373 | Crypt:2  | Found a shimmering altar of Xom.
 49639 | Crypt:3  | Entered Level 3 of the Crypt
 50224 | Crypt:3  | Received a gift from Trog
 50391 | Crypt:3  | Identified the Collected Works on Unholy Rites
 50395 | Crypt:3  | Identified the Catalogue of Vitriolic Slavery
 50403 | Crypt:3  | Got a pitted bone amulet
 50519 | Crypt:2  | Identified the amulet of Buriant {rElec Regen+} (You found it on level 3 of the Crypt)
 50946 | Crypt:3  | Received a gift from Trog
 50960 | Crypt:3  | Found an ancient bone altar of Kikubaaqudgha.
 51749 | Crypt:3  | Found a staircase to the Tomb.
 52010 | Crypt:3  | Got a clouded tin amulet
 52014 | Crypt:3  | Got an ancient amber ring
 52022 | Crypt:3  | Identified the ring of Coiledag {rF+ rN+ Int-2 Slay+5} (You found it on level 3 of the Crypt)
 52025 | Crypt:3  | Identified the amulet of Qaivupucly {rF+ Regen+} (You found it on level 3 of the Crypt)
 52321 | Vaults:4 | Found Joum Zau's General Store.
 52358 | Vaults:4 | Reached XP level 23. HP: 133/167 MP: 32/32
 52625 | Vaults:4 | Found Tiuvve's General Store.
 52630 | Vaults:4 | Bought a potion of heal wounds for 100 gold pieces
 52630 | Vaults:4 | Bought a potion of curing for 60 gold pieces
 52785 | Vaults:4 | Received a gift from Trog
 53261 | Vaults:4 | Found a stormy altar of Qazlal.
 53295 | Vaults:4 | Found Vuuqoegh's Antique Weapon Emporium.
 53685 | Vaults:4 | Found Uryqusib's Distillery.
 54253 | Depths:1 | Received a gift from Trog
 54323 | Depths:2 | Identified the +3 flail of Wrath {drain, rC+ Int+2} (Trog gifted it to you on level 1 of the Vaults)
 55249 | Depths:2 | Received a gift from Trog
 55511 | Depths:2 | Noticed Jorgrun
 55519 | Depths:2 | Killed Jorgrun
 55647 | Depths:2 | Reached XP level 24. HP: 161/175 MP: 32/32
 56024 | Depths:3 | You are sucked into a shaft!
 56305 | Depths:2 | Noticed Mara
 56311 | Depths:2 | Noticed theElss's illusion
 56318 | Depths:3 | Killed Mara
 56479 | Depths:3 | Found a one-way gate leading to the halls of Pandemonium.
 56750 | Depths:3 | Gained mutation: Your body sometimes deteriorates upon taking damage. [a neqoxec]
 56835 | Depths:3 | Received a gift from Trog
 57518 | Depths:4 | Found Maamofy's Armour Shoppe.
 58652 | Depths:5 | Entered Level 5 of the Depths
 58652 | Depths:5 | Noticed a juggernaut
 58663 | Depths:5 | Killed a juggernaut
 58696 | Depths:5 | Noticed a juggernaut
 58711 | Depths:5 | Killed a juggernaut
 58896 | Depths:5 | Noticed a juggernaut
 58908 | Depths:5 | Killed a juggernaut
 58972 | Depths:5 | Received a gift from Trog
 58994 | Depths:5 | Found a gate to the Realm of Zot.
 59035 | Depths:5 | Reached XP level 25. HP: 143/181 MP: 32/32
 59169 | Depths:5 | Noticed Jory
 59181 | Depths:5 | Killed Jory
 59390 | Depths:5 | Found Rumnykust's Gadget Emporium.
 59396 | Depths:5 | Found Uherch's Armour Shoppe.
 59421 | Depths:5 | Noticed a juggernaut
 59430 | Depths:5 | Killed a juggernaut
 59597 | Depths:5 | Found a corrupted altar of Lugonu.
 60326 | Elf:1    | Entered Level 1 of the Elven Halls
 60370 | Elf:1    | Noticed Donald
 60392 | Elf:1    | Killed Donald
 60631 | Elf:1    | Received a gift from Trog
 60850 | Elf:1    | Identified the Compendium of Evil
 60948 | Elf:1    | Noticed Agnes
 60952 | Elf:1    | Killed Agnes
 61410 | Elf:2    | Received a gift from Trog
 61684 | Elf:2    | Found a huge runed gate.
 61684 | Elf:2    | Found a huge runed gate.
 61686 | Elf:2    | Found a huge runed gate.
 62267 | Elf:2    | Gained mutation: You tend to lose your temper in combat. [a neqoxec]
 62513 | Elf:3    | Entered Level 3 of the Elven Halls
 62599 | Elf:3    | Received a gift from Trog
 62732 | Elf:3    | Got a pair of warped gloves
 62747 | Elf:3    | Identified the cursed +0 pair of gloves "Zuus Mol" {rC+ MR+} (You found it on level 3 of the Elven Halls)
 63193 | Elf:3    | Reached XP level 26. HP: 188/188 MP: 32/32
 63496 | Elf:3    | Received a gift from Trog
 63747 | Elf:3    | Got a scorched lapis lazuli ring
 64129 | Elf:3    | Got a translucent steel ring
 64135 | Elf:3    | Identified the ring of Xom's Malicious Joy {rCorr rElec Str+4 Dex+4} (You took it off a deep elf annihilator on level 3 of the Elven Halls)
 64137 | Elf:3    | Identified the ring of Yskant {rPois rC+ rN+} (You took it off a deep elf blademaster on level 3 of the Elven Halls)
 64320 | Elf:3    | Identified the Incunabulum of Conjuration
 64377 | Elf:3    | Identified the Incunabulum of Lightness and Heat
 64473 | Elf:3    | Received a gift from Trog
 64689 | D:10     | Reached skill level 10 in Dodging
 65428 | Elf:3    | Got a fine hunting sling
 65450 | Elf:3    | Got a crystal spear {venom}
 65459 | Elf:3    | Got a polished quarterstaff {crush}
 65464 | Elf:3    | Got a crystal halberd {drain}
 65853 | Vaults:1 | Got an uncursed shimmering hand axe {freeze}
 65882 | Vaults:1 | Got an uncursed warped hunting sling {velocity}
 66334 | D:9      | Got a translucent chain mail
 66454 | Lair:2   | Identified the +1 chain mail of Guotirisyo {-Cast rElec rCorr MP+9} (You took it off a wight on level 9 of the Dungeon)
 66832 | Vaults:5 | Entered Level 5 of the Vaults
 67250 | Vaults:5 | Got a translucent plate armour
 67946 | Vaults:4 | Received a gift from Trog
 68288 | Vaults:5 | Noticed an ancient lich
 68301 | Vaults:4 | Reached XP level 27. HP: 138/193 MP: 32/32
 68471 | Vaults:4 | Killed an ancient lich
 68776 | Vaults:5 | Noticed an ancient lich
 68809 | Vaults:4 | Killed an ancient lich
 69006 | Vaults:5 | Noticed an ancient lich
 69014 | Vaults:5 | Killed an ancient lich
 69116 | Vaults:5 | Noticed an ancient lich
 69126 | Vaults:5 | Killed an ancient lich
 69126 | Vaults:5 | Reached skill level 15 in Dodging
 69240 | Vaults:5 | Identified the Incunabulum of Captivating Necromancy
 69311 | Vaults:5 | Got a silver rune of Zot
 69549 | Vaults:5 | Got an encrusted scale mail
 69555 | Vaults:5 | Received a gift from Trog
 69905 | Vaults:5 | Found Zixzio Bury's Food Emporium.
 69918 | Vaults:5 | Found Pun Bops's Magic Scroll Boutique.
 69934 | Vaults:5 | Found Qadd's Distillery.
 70014 | Vaults:5 | Identified the +9 plate armour of Infinity {rElec rPois} (You found it on level 5 of the Vaults)
 70024 | Vaults:5 | Identified the +4 scale mail of the Imp {rElec rPois rC+ MR+} (You found it on level 5 of the Vaults)
 70537 | Zot:1    | Entered Level 1 of the Realm of Zot
 72022 | Zot:2    | Received a gift from Trog
 72024 | Zot:2    | HP: 11/289 [death cob (18)]
 72025 | Zot:2    | HP: 2/193 [storm dragon (6)]
 72031 | Zot:2    | HP: 9/193 [something (2)]
 72031 | Zot:2    | Slain by a storm dragon

Skill      XL: |  1  2  3  4  5  6  7  8  9 10 11 12 13 14 15 16 17 18 19 20 21 22 23 24 25 26 27 |
---------------+----------------------------------------------------------------------------------+-----
Fighting       | 4 5 6 7 8 9 12 13 15 17 18 19 21 22 23 24 25 | 25.0
Maces & Flails | 4 5 6 8 9 11 12 13 14 16 | 16.0
Shields        | 1 2 4 5 7 9 11 13 15 16 18 20 21 24 25 | 25.0
Evocations     | 1 5 8 12 | 12.0
Dodging        | 2 5 6 7 8 13 17 | 17.2
Armour         | 5 9 11 12 13 14 15 16 19 20 | 20.1

Action                   |  1- 3 |  4- 6 |  7- 9 | 10-12 | 13-15 | 16-18 | 19-21 | 22-24 | 25-27 || total
-------------------------+-------+-------+-------+-------+-------+-------+-------+-------+-------++-------
Melee: Mace              |   110 |   259 |   180 |       |       |       |       |       |       ||   549
       Flail             |       |       |   194 |   963 |   530 |       |       |       |       ||  1687
       Morningstar       |       |       |       |       |  1003 |  1900 |   519 |       |       ||  3422
       Demon whip        |       |       |       |       |       |    68 |       |       |       ||    68
       Hand axe          |       |       |       |       |       |     5 |       |       |       ||     5
       Eveningstar       |       |       |       |       |       |       |  1278 |  1764 |  1640 ||  4682
Invok: Berserk           |     2 |     3 |     6 |    15 |    10 |    11 |     5 |     2 |     3 ||    57
       Trog's Hand       |       |       |     2 |     3 |     1 |       |     2 |     1 |       ||     9
       Brothers in Arms  |       |       |       |     1 |       |       |     2 |     1 |     1 ||     5
 Abil: Fly               |       |       |       |       |     1 |       |       |       |       ||     1
Evoke: Wand              |       |       |       |       |       |       |       |       |     1 ||     1
       Lamp of fire      |       |       |       |       |       |       |       |       |     1 ||     1
  Use: Scroll            |       |       |    10 |     9 |    10 |     8 |     4 |     4 |     3 ||    48
       Potion            |       |       |       |     2 |       |     1 |     1 |       |     3 ||     7
 Stab: Sleeping          |       |       |     4 |     2 |     4 |       |       |       |       ||    10
       Distracted        |       |       |       |       |     2 |       |       |     1 |     2 ||     5
  Eat: Chunk             |     3 |     7 |    12 |    31 |    53 |    51 |    40 |    39 |    44 ||   280
       Fruit             |       |     1 |     1 |       |     3 |       |       |       |       ||     5
       Meat ration       |       |     1 |       |     2 |       |       |       |       |       ||     3
       Pizza             |       |       |     1 |     2 |     1 |       |       |       |       ||     4
       Beef jerky        |       |       |       |       |     1 |       |       |       |       ||     1
Armor: Animal skin       |    20 |       |       |       |       |       |       |       |       ||    20
       Chain mail        |    50 |   167 |   107 |       |       |       |       |       |       ||   324
       Leather armour    |       |       |    53 |   158 |       |       |       |       |       ||   211
       Ring mail         |       |       |       |   173 |   542 |    29 |       |       |       ||   744
       Plate armour      |       |       |       |       |       |  1520 |   880 |   518 |   926 ||  3844
       Scale mail        |       |       |       |       |       |       |       |       |     1 ||     1
Dodge: Dodged            |    85 |    58 |    77 |   346 |   447 |   873 |   508 |   322 |   798 ||  3514
Block: Shield            |       |   107 |   171 |   655 |   903 |  1738 |   571 |       |  1409 ||  5554
       Large shield      |       |       |       |       |       |       |   960 |  1540 |   178 ||  2678
       Reflection        |       |       |       |       |       |       |       |       |   127 ||   127
